 Dungeon Crawl Stone Soup version 0.30.0-5-g1a98f26d00 (webtiles) character file.

Game seed: 14005210903750031807

12393 PoweredByGinger the Severer (level 11, -12/82 HPs)
             Began as a Minotaur Fighter on May 8, 2023.
             Was an Initiate of Yredelemnul.
             Killed from afar by a ynoxinul (17 damage)
             ... with an iron shot
             ... on level 11 of the Dungeon on May 9, 2023.
             The game lasted 00:16:01 (10827 turns).

PoweredByGinger the Severer (Minotaur Fighter)     Turns: 10827, Time: 00:16:02

Health: -12/82     AC: 16    Str: 26    XL:     11   Next: 61%
Magic:  10/10      EV:  7    Int:  5    God:    Yredelemnul [......]
Gold:   745        SH: 12    Dex:  6    Spells: 10/10 levels left

rFire   . . .        a - +0 war axe
rCold   + . .        c - +0 buckler
rNeg    . . .        M - +0 plate armour
rPois   .            (helmet restricted)
rElec   +            h - +1 cloak {Will+}
rCorr   +            (no gloves)
SInv    .            b - +2 pair of boots of Koqyt {Rampage rElec Dex-3}
Will    +....        B - amulet of reflection Stlth
                     K - ring of protection from cold
HPRegen 0.33/turn    A - ring of resist corrosion
MPRegen 0.12/turn

%: reflection, rampage
@: studying Axes
A: horns 2, retaliatory headbutt
a: Renounce Religion, Recall Undead Harvest


You were on level 11 of the Dungeon.
You worshipped Yredelemnul.
Yredelemnul was noncommittal.
You visited 2 branches of the dungeon, and saw 12 of its levels.
You also visited: Ossuary.

You collected 745 gold pieces.

Inventory:

Hand Weapons
 a - a +0 war axe (weapon)
 I - a +1 whip of flaming
Missiles
 q - 8 curare-tipped darts (quivered)
 w - 13 poisoned darts
 N - 5 javelins
 S - 2 atropa-tipped darts
Armour
 b - the +2 pair of boots of Koqyt (worn) {Rampage rElec Dex-3}
   (You acquired it on level 6 of the Dungeon)

   Dex:       It affects your dexterity (-3).
   rElec:     It insulates you from electricity.
   Rampage:   It bestows one free step when moving towards enemies.
 c - a +0 buckler (worn)
 h - a +1 cloak of willpower (worn)
 M - a +0 plate armour (worn)
Jewellery
 A - a ring of resist corrosion (right hand)
 B - an amulet of reflection (around neck)
 H - a ring of willpower
 J - an amulet of magic regeneration
 K - a ring of protection from cold (left hand)
 Q - a +6 ring of strength
Wands
 g - a wand of iceblast (13)
 j - a wand of flame (14)
 C - a wand of mindburst (17)
 L - a wand of paralysis (1)
 R - a wand of acid (4)
Scrolls
 e - 5 scrolls of amnesia
 f - 2 scrolls of enchant weapon
 i - 2 scrolls of magic mapping
 l - 3 scrolls of brand weapon
 p - 2 scrolls of immolation
 s - 3 scrolls of fog
 u - a scroll of enchant armour {unknown}
 y - 2 scrolls of fear
 z - 4 scrolls of teleportation
 E - a scroll of vulnerability {unknown}
 F - 2 scrolls of noise
Potions
 d - 3 potions of might
 k - 2 potions of haste
 m - 6 potions of cancellation
 n - 6 potions of attraction
 o - a potion of lignification {unknown}
 r - a potion of degeneration {unknown}
 t - a potion of ambrosia {unknown}
 v - 4 potions of curing
 x - 3 potions of brilliance
 D - 2 potions of flight
 G - 3 potions of heal wounds
 O - a potion of berserk rage {unknown}
 P - 2 potions of resistance


   Skills:
 - Level 3.6 Fighting
 + Level 18.5 Axes
 - Level 3.6 Armour
 + Level 15.9 Shields


You had 10 spell levels left.
You didn't know any spells.
Your spell library contained the following spells:

 Spells                   Type           Power      Damage    Failure   Level
 Sandblast                Erth           0%         2d4       100%        1
 Passwall                 Tmut/Erth      0%         N/A       100%        2
 Hailstorm                Conj/Ice       0%         3d3       100%        3
 Stone Arrow              Conj/Erth      0%         3d7       100%        3
 Ice Form                 Ice/Tmut       0%         N/A       100%        4
 Simulacrum               Ice/Necr       Unusable   N/A       N/A         6

Dungeon Overview and Level Annotations

Branches:
Dungeon (11/15)            Temple (1/1) D:6            Lair (0/5) D:10
    Orc (0/2) D:11        Ossuary (visited)

Altars:
Ashenzari
Cheibriados
Dithmenos
Elyvilon
Fedhas
Gozag
Hepliaklqana
Kikubaaqudgha
Makhleb
Nemelex Xobeh
Okawaru
Qazlal
Ru
Sif Muna
Trog
Uskayaw
Vehumet
Wu Jian
Xom
Yredelemnul
Zin
The Shining One

Shops:
D:8 [

Annotations:
D:10 3 runed translucent doors, LustLizard's ghost, novice GrEE


Innate Abilities, Weirdness & Mutations

You have a pair of horns on your head.
You reflexively headbutt those who attack you in melee.


Message History

The hellwing hits you but does no damage.
You barely miss the hellwing. You hit the hellwing but do no damage.
Your headbutt misses the hellwing.
The hellwing hits you but does no damage.
You block the hellwing's attack.
You slash the hellwing! Your headbutt misses the hellwing.
The hellwing is moderately wounded.
The hellwing hits you but does no damage. x2
You slash the hellwing!
You headbutt the hellwing, but do no damage.
The hellwing is severely wounded.
You hit the ynoxinul. You hit the hellwing but do no damage.
The hellwing is severely wounded.
You slash the ynoxinul! You block the hellwing's attack. x2
The ynoxinul hits you but does no damage.
You hit the hellwing. Your headbutt misses the hellwing.
The hellwing is severely wounded.
You slash the ynoxinul! The hellwing hits you. x2
You block the ynoxinul's attack.
You hit the hellwing but do no damage.
The hellwing is severely wounded.
You barely miss the ynoxinul. You block the hellwing's attack.
The hellwing barely misses you. The ynoxinul barely misses you.
You hit the hellwing but do no damage.
The hellwing is severely wounded.
You hit the ynoxinul but do no damage. You barely miss the hellwing.
You headbutt the hellwing.
The hellwing is almost dead.
You closely miss the ynoxinul. The hellwing hits you. x2
The ynoxinul gestures at you. The iron shot hits you!!!
* * * LOW HITPOINT WARNING * * *
You hit the hellwing but do no damage. You headbutt the hellwing.
The hellwing is almost dead.
You closely miss the ynoxinul. You block the hellwing's attack. x2
The ynoxinul gestures at you. The iron shot hits you!
You die...
Your body rises from the dead as a mindless zombie.

............
..3......... ###..######
#4.# #..# #..# #..# #
###..################..#
...............3@4.....#
######################.#


You could see a hellwing and a ynoxinul.

Vanquished Creatures
  A two-headed ogre (D:11)
  Pikel (D:7)
  A manticore (D:9)
  An elephant (D:10)
  A gargoyle (D:10)
  Psyche (D:7)
  A komodo dragon (D:11)
  An unseen horror (D:10)
  A kobold demonologist (D:10)
  Prince Ribbit (D:8)
  A hornet (D:7)
  2 trolls
  Grinder (D:3)
  Sigmund (D:6)
  A shadow (D:10)
  Eustachio (D:5)
  2 wraiths (D:9)
  3 wyverns
  15 yaks
  2 vampire mosquitoes (D:11)
  3 humans (D:8)
  A basilisk (D:10)
  2 steam dragons
  4 orc warriors
  2 ice beasts
  2 sky beasts
  2 black bears
  2 ogres
  3 centaurs
  A lemure (D:7)
  Blork the orc (D:4)
  3 bullfrogs
  A scorpion (D:7)
  A wight (Ossuary)
  A water moccasin zombie (Ossuary)
  A howler monkey (D:5)
  A centaur zombie (Ossuary)
  A quasit (D:11)
  A bullfrog zombie (Ossuary)
  A gnoll bouda (D:8)
  2 human zombies (Ossuary)
  Crazy Yiuf (D:2)
  2 hounds
  5 orc priests
  2 sleepcaps
  5 iguanas
  9 orc wizards
  A scorpion zombie (Ossuary)
  Robin (D:2)
  12 gnolls
  7 adders
  A shadow imp (D:5)
  An adder zombie (Ossuary)
  A worm (D:2)
  2 dart slugs
  52 orcs
  9 ball pythons
  4 endoplasms
  3 giant cockroaches
  A gnoll zombie (Ossuary)
  12 goblins
  9 hobgoblins
  2 jackals (D:5)
  5 kobolds
  6 quokkas
  8 bats
  3 frilled lizards
  3 hobgoblin zombies (Ossuary)
  3 orc zombies (Ossuary)
  7 rats
252 creatures vanquished.

Vanquished Creatures (collateral kills)
  A cyclops (D:8)
  2 yaks
  2 humans (D:8)
  An orc wizard (D:11)
  3 orcs (D:11)
9 creatures vanquished.

Vanquished Creatures (others)
  A vampire mosquito zombie (D:11)
  A wyvern zombie (D:8)
  3 yak zombies (D:11)
  A basilisk zombie (D:10)
  A human zombie (D:8)
  A centaur zombie (D:8)
  A steam dragon zombie (D:10)
  19 orc zombies
28 creatures vanquished.

Grand Total: 289 creatures vanquished

Notes
Turn   | Place    | Note
-------+----------+-------------------------------------------
     0 | D:1      | PoweredByGinger the Minotaur Fighter began the quest for
                  | the Orb.
     0 | D:1      | Reached XP level 1. HP: 19/19 MP: 0/0
   226 | D:1      | Reached XP level 2. HP: 26/26 MP: 1/1
   309 | D:1      | Reached skill level 3 in Axes
  1026 | D:2      | Reached XP level 3. HP: 30/31 MP: 2/2
  1048 | D:2      | Reached skill level 4 in Axes
  1050 | D:2      | Reached XP level 4. HP: 32/39 MP: 3/3
  1084 | D:2      | Identified the +1 helmet of the Past {rPois rC- Regen+
                  | Str+4}
  1084 | D:2      | Noticed Robin
  1089 | D:2      | Reached skill level 5 in Shields
  1135 | D:2      | Killed Robin
  1246 | D:2      | Found a runed translucent door.
  1247 | D:2      | Noticed Crazy Yiuf
  1658 | D:2      | Killed Crazy Yiuf
  1659 | D:2      | Reached XP level 5. HP: 10/45 MP: 4/4
  1900 | D:3      | Reached skill level 5 in Axes
  1997 | D:3      | Noticed Grinder
  2105 | D:3      | Killed Grinder
  2106 | D:3      | Reached skill level 6 in Axes
  2106 | D:3      | Reached XP level 6. HP: 42/51 MP: 5/5
  2363 | D:3      | Found a faded altar of an unknown god.
  2950 | D:4      | Noticed Blork the orc
  2957 | D:4      | Killed Blork the orc
  2958 | D:4      | Reached XP level 7. HP: 46/57 MP: 6/6
  3276 | D:4      | Reached skill level 7 in Axes
  3363 | D:5      | Entered Level 5 of the Dungeon
  3363 | D:5      | Noticed an air elemental
  3363 | D:5      | Found a stormy altar of Qazlal.
  3704 | D:5      | Noticed a fire elemental
  3705 | D:5      | Noticed a water elemental
  3852 | D:5      | Found a hazy altar of Hepliaklqana.
  3853 | D:5      | Found a shimmering altar of Xom.
  3854 | D:5      | Noticed a spectral ugly thing
  4062 | D:5      | Noticed Eustachio
  4096 | D:5      | Killed Eustachio
  4097 | D:5      | Reached skill level 8 in Axes
  4097 | D:5      | Reached XP level 8. HP: 57/64 MP: 7/7
  4521 | D:6      | Found the +12 glaive of Prune {freeze, Prune}
  4558 | D:6      | Found a basalt altar of Yredelemnul.
  4904 | D:6      | Found a staircase to the Ecumenical Temple.
  4919 | D:6      | Reached skill level 9 in Axes
  5108 | D:6      | Noticed Sigmund
  5147 | D:6      | Killed Sigmund
  5555 | Temple   | Entered the Ecumenical Temple
  5659 | D:6      | Reached skill level 10 in Shields
  5661 | D:6      | Became a worshipper of Yredelemnul the Dark
  5761 | D:7      | Identified 2 scrolls of acquirement
  5893 | D:7      | Found a sand-covered staircase.
  5899 | Ossuary  | Entered an ossuary
  5939 | Ossuary  | Reached skill level 10 in Axes
  6038 | Ossuary  | Reached XP level 9. HP: 70/70 MP: 8/8
  6049 | Ossuary  | Noticed a silent spectre
  6195 | D:7      | Noticed Pikel
  6215 | D:7      | Killed Pikel
  6216 | D:7      | Reached skill level 11 in Axes
  6577 | D:7      | Reached * piety under Yredelemnul
  7028 | D:7      | Reached ** piety under Yredelemnul
  7264 | D:8      | Noticed Psyche
  7264 | D:8      | Found Tuigo's Armour Boutique.
  7278 | D:7      | Paralysed by something for 4 turns
  7290 | D:7      | Paralysed by something for 2 turns
  7301 | D:7      | Killed Psyche
  7302 | D:7      | Reached skill level 12 in Axes
  7581 | D:6      | Acquired a manual of Axes
  7583 | D:6      | Acquired the +2 pair of boots of Koqyt {Rampage rElec
                  | Dex-3}
  7694 | D:8      | Noticed Prince Ribbit
  7717 | D:8      | Killed Prince Ribbit
  7727 | D:8      | Found an iron altar of Okawaru.
  7759 | D:8      | Noticed a cyclops
  7761 | D:8      | Reached XP level 10. HP: 71/77 MP: 9/9
  7767 | D:8      | Reached skill level 13 in Axes
  7782 | D:8      | Killed a cyclops
  7937 | D:8      | Reached skill level 14 in Axes
  8158 | D:8      | Found a burning altar of Makhleb.
  8176 | D:8      | Reached *** piety under Yredelemnul
  8346 | D:8      | Reached skill level 15 in Axes
  9058 | D:9      | Reached skill level 16 in Axes
  9186 | D:9      | Reached XP level 11. HP: 82/82 MP: 10/10
  9200 | D:9      | Found a shadowy altar of Dithmenos.
  9200 | D:9      | Found an ancient bone altar of Kikubaaqudgha.
  9221 | D:9      | Found a radiant altar of Vehumet.
  9226 | D:9      | Found a glowing golden altar of the Shining One.
  9226 | D:9      | Found a sparkling altar of Nemelex Xobeh.
  9237 | D:9      | Found a bloodstained altar of Trog.
  9241 | D:9      | Found a snail-covered altar of Cheibriados.
  9428 | D:10     | Entered Level 10 of the Dungeon
  9466 | D:10     | Found a runed translucent gate.
  9472 | D:10     | Found a runed translucent gate.
  9473 | D:10     | Found a runed translucent gate.
  9512 | D:10     | Noticed LustLizard's ghost (novice GrEE)
  9543 | D:10     | Found a staircase to the Lair.
  9880 | D:10     | Reached skill level 17 in Axes
  9880 | D:10     | Reached skill level 15 in Shields
 10449 | D:11     | Noticed a two-headed ogre
 10464 | D:11     | Killed a two-headed ogre
 10465 | D:11     | Reached skill level 18 in Axes
 10628 | D:11     | Reached **** piety under Yredelemnul
 10638 | D:11     | Found a staircase to the Orcish Mines.
 10676 | D:11     | Noticed a sun demon
 10827 | D:11     | Killed from afar by a ynoxinul

Illustrated notes

Levels and vault maps discovered:
D:1:      spicycebolla_green_bress_n_ham, layout_basic
D:2:      layout_rooms, uniq_crazy_yiuf_cottage, uniq_robin
D:3:      layout_rooms, nicolae_ecumenical_oubliette, grunt_decor_one_mirror,
          uniq_grinder
D:4:      layout_gridville, uniq_blork_the_orc
D:5:      layout_loops_cross, regret_index_temple_of_mockery,
          nicolae_qazlal_style_of_elements, st_stairs_6, uniq_eustachio
D:6:      layout_basic, mainiacjoe_overflow_concentric_impassable,
          minmay_temple_entry_statues_pillars, uniq_sigmund
D:7:      layout_loops_ring, enter_ossuary_3, grunt_decor_mini_mirrors,
          uniq_pikel
D:8:      layout_basic, bloody_makhleb, mainiacjoe_overflow_brackets,
          serial_shops, shop, minmay_ruffians, uniq_prince_ribbit1, uniq_psyche
D:9:      layout_basic, minmay_overflow_temple_star_hex,
          gammafunk_temple_overflow_wave
D:10:     layout_rooms, david_lair_generic, gammafunk_ghost_necromancy
D:11:     layout_long_grid, hiddenorc2_lemuel, serial_shops, shop,
          serial_demonic, serial_demonic_e, serial_demonic_e, serial_demonic_a,
          serial_demonic_b, serial_demonic_g, nicolae_shop_i_like_big_books
Temple:   nicolae_temple_ecumenical_triangle

Skill      XL: |  1  2  3  4  5  6  7  8  9 10 11 |
---------------+----------------------------------+-----
Shields        | 4 5 6 7 8 10 12 14 15 | 15.9
Axes           | 3 4 6 8 10 12 16 18 | 18.5
Fighting       | |  3.6
Armour         | |  3.6

Action                     |  1- 3 |  4- 6 |  7- 9 | 10-12 || total
---------------------------+-------+-------+-------+-------++-------
  Melee: War axe           |    53 |   138 |   339 |   333 ||   863
         Headbutt          |     7 |    19 |    41 |    49 ||   116
  Throw: Throwing net      |       |     2 |       |       ||     2
 Invoke: Recall Undead Har |       |       |     1 |       ||     1
    Use: Potion            |       |     2 |     5 |     1 ||     8
         Scroll            |       |       |     6 |    12 ||    18
   Stab: Distracted        |       |       |       |     2 ||     2
 Armour: Scale mail        |    29 |    71 |   119 |       ||   219
         Plate armour      |       |       |    15 |   147 ||   162
  Dodge: Dodged            |    42 |    89 |    99 |    50 ||   280
  Block: Buckler           |    18 |    46 |    77 |   150 ||   291
         Reflection        |       |       |     2 |     2 ||     4
